 Dungeon Crawl Stone Soup version 0.18-a0-1195-g77a4f03 (webtiles) character file.

434 Kidiri the Conjurer (level 6, 0/48 HPs)
             Began as a Draconian Conjurer on Jan 29, 2016.
             Succumbed to poison (a potion of poison)
             ... on level 4 of the Dungeon.
             The game lasted 00:17:41 (6210 turns).

Kidiri the Conjurer (Draconian Conjurer)            Turns: 6210, Time: 00:17:41

Health: 0/48       AC:  6    Str: 15    XL:     6   Next: 68%
Magic:  1/11       EV: 13    Int: 17    God:
Gold:   190        SH:  0    Dex: 12    Spells: 4 memorised, 2 levels left

rFire  . . .     SeeInvis .     g - +0 short sword
rCold  . . .     Gourm    .     (armour unavailable)
rNeg   + . .     Faith    .     (no shield)
rPois  .         Spirit   .     (helmet restricted)
rElec  .         Dismiss  .     (no cloak)
rCorr  .         Reflect  .     (no gloves)
SustAt .         Harm     +     (no boots)
MR     +....                    l - amulet of harm
Stlth  ++........               j - ring of protection from magic
                                i - ring of positive energy

@: mighty, lethally poisoned (0 -> -9), very slightly contaminated, somewhat
resistant to hostile enchantments, unstealthy
A: unfitting armour, cold-blooded, AC +6
a: no special abilities


You were on level 4 of the Dungeon.
You were very hungry.

You visited 1 branch of the dungeon, and saw 4 of its levels.

You collected 190 gold pieces.

Inventory:

Hand Weapons
 g - a +0 short sword (weapon)
Jewellery
 i - a ring of positive energy (left hand)
 j - a ring of protection from magic (right hand)
 l - an amulet of harm (around neck)
Scrolls
 d - 2 scrolls of teleportation
 e - a scroll of enchant armour
 o - a scroll of identify
Books
 a - a book of Conjurations

   Spells                             Type                      Level
   a - Magic Dart                     Conjuration                  1
   b - Searing Ray                    Conjuration                  2
   c - Dazzling Spray                 Conjuration/Hexes            3
   d - Fulminant Prism                Conjuration/Hexes            4
   e - Iskenderun's Mystic Blast      Conjuration                  4
   f - Iskenderun's Battlesphere      Conjuration/Charms           5
Comestibles
 b - 2 bread rations
 f - 6 meat rations


   Skills:
 + Level 1.8 Fighting
 * Level 3.6 Dodging
 + Level 2.4 Stealth
 * Level 3.5 Spellcasting
 * Level 5.4 Conjurations
 + Level 1.5 Hexes


You had 2 spell levels left.
You knew the following spells:

 Your Spells              Type           Power        Failure   Level  Hunger
a - Magic Dart            Conj           ###.         1%          1    None
b - Searing Ray           Conj           ###...       2%          2    ##.....
c - Dazzling Spray        Conj/Hex       ##......     14%         3    ###....
d - Iskenderun's Mystic   Conj           ###.....     21%         4    ####...


Dungeon Overview and Level Annotations

Branches:
Dungeon (4/15)
 Temple: D:4-7

Altars:
Dithmenos
Elyvilon
Yredelemnul

Annotations:
D:3 Pikel


Innate Abilities, Weirdness & Mutations

Your plain brown scales are hard (AC +6).
Your body does not fit into most forms of armour.
You are cold-blooded and may be slowed by cold attacks.


Message History

The worker ant bites you but does no damage.
You barely miss the worker ant.
The worker ant is almost dead.
* * * LOW HITPOINT WARNING * * *
You feel sick.
The worker ant bites you but does no damage. x2
Unknown command.
You closely miss the worker ant.
The worker ant is almost dead.
* * * LOW HITPOINT WARNING * * *
You feel sick. The worker ant bites you.
* * * LOW HITPOINT WARNING * * *
Unknown command.
You closely miss the worker ant. You tail-slap the worker ant.
You kill the worker ant!
* * * LOW HITPOINT WARNING * * *
You feel sick.
Unknown command.
You closely miss the slave.
You die...

,,,....,+,,**,**+**,*
,,,.....#,,**,,,,,,,*
,,,,.....,,,>*,*,*,,*
,,,,*....,****,,,,,**
,*#,###..,,,,,,*****
,*#.#!...#######
+*#...#...o....#
,,..........##o######
,,........#.##Wp@...#
,,.......<#.#######.#
,,.ยง...#W##?#*****,,*
,,.......,.<#,,,,,,,*
,,.......*#.#,****,,*
,,..###..,#.#,,,,,,,*
,,.,**...,,.#*****,**
,,,,*#...,,,,,,,,,,*
***,,#...***********


You could see a phantom, a slave and an orc.

Vanquished Creatures
  A giant frog (D:3)
  An orc priest (D:4)
  A hound (D:4)
  An orc wizard (D:3)
  A worker ant (D:4)
  A hound zombie (D:3)
  7 gnolls (D:3)
  8 adders
  2 worms
  3 giant geckos
  6 orcs
  2 giant cockroaches
  10 goblins
  13 hobgoblins
  6 jackals
  A quokka (D:3)
  3 ball pythons
  15 bats
  3 giant newts
  14 kobolds
  5 rats
104 creatures vanquished.

Notes
Turn   | Place    | Note
--------------------------------------------------------------
     0 | D:1      | Kidiri the Draconian Conjurer began the quest for the Orb.
     0 | D:1      | Reached XP level 1. HP: 14/14 MP: 3/3
   438 | D:1      | Reached XP level 2. HP: 20/20 MP: 3/5
   442 | D:1      | Learned a level 2 spell: Searing Ray
  1400 | D:2      | Reached XP level 3. HP: 26/26 MP: 3/6
  1411 | D:2      | Learned a level 3 spell: Dazzling Spray
  2085 | D:2      | Reached XP level 4. HP: 34/34 MP: 2/7
  3389 | D:3      | Found a shadowy altar of Dithmenos.
  3473 | D:3      | Reached skill level 1 in Fighting
  3618 | D:3      | Reached XP level 5. HP: 32/40 MP: 0/9
  3899 | D:3      | Found a basalt altar of Yredelemnul.
  4101 | D:3      | Reached skill level 1 in Hexes
  4554 | D:3      | Reached skill level 5 in Conjurations
  5030 | D:3      | Learned a level 4 spell: Iskenderun's Mystic Blast
  5086 | D:4      | Found a white marble altar of Elyvilon.
  5423 | D:3      | Reached XP level 6. HP: 47/47 MP: 1/10
  5818 | D:4      | Noticed Pikel
  5818 | D:4      | Noticed a slave
  5818 | D:4      | Noticed a slave
  5818 | D:4      | Noticed a slave
  5820 | D:4      | Noticed a slave
  6208 | D:4      | HP: 1/48 [worker ant (2)]
  6210 | D:4      | Succumbed to poison (a potion of poison)

Vault maps used:
D:1:      dpeg_arrival_rooms_a, serial_bayou_ford_a
D:2:      first_bread, minmay_misc_feat_square, patterned_corridor
D:3:      marbit_many_paths, nicolae_overflow_hidden_temple
D:4:      enter_ossuary_2, elyvilon_altar_4, uniq_edmund, uniq_pikel,
          uniq_grinder

Action                   |  1- 3 |  4- 6 || total
-------------------------+-------+-------++-------
Melee: Unarmed           |     4 |       ||     4
       Short sword       |     9 |    54 ||    63
 Cast: Magic Dart        |    81 |   161 ||   242
       Dazzling Spray    |       |    13 ||    13
  Use: Scroll            |     7 |     3 ||    10
       Potion            |       |     4 ||     4
 Stab: Sleeping          |       |     1 ||     1
  Eat: Chunk             |     3 |    15 ||    18
       Beef jerky        |     1 |       ||     1
